 Dungeon Crawl Stone Soup version 0.29.1-2-gbd0b4ee654 (webtiles) character file.

Game seed: 17668406441971025069

72 jamesblauser the Chopper (level 4, 0/41 HPs)
             Began as a Minotaur Berserker on Nov 10, 2022.
             Was a Believer of Trog.
             Slain by a gnoll
             ... wielding a +0 spear
              (8 damage)
             ... on level 2 of the Dungeon.
             The game lasted 00:06:10 (1237 turns).

jamesblauser the Chopper (Minotaur Berserker)       Turns: 1237, Time: 00:06:11

Health: 0/41       AC: 11    Str: 22    XL:     4   Next: 7%
Magic:  3/3        EV:  7    Int:  4    God:    Trog [**....]
Gold:   74         SH:  0    Dex: 11    Spells: 3/3 levels left

rFire   . . .      SeeInvis .   a - +0 hand axe
rCold   . . .      Faith    .   (no shield)
rNeg    . . .      Spirit   .   c - +0 plate armour
rPois   .          Reflect  .   (helmet restricted)
rElec   .          Harm     .   (no cloak)
rCorr   .          Rampage  .   (no gloves)
Will    .....                   (no boots)
Stlth   ..........              (no amulet)
HPRegen 0.13/turn               (no ring)
MPRegen 0.08/turn               (no ring)

@: no status effects
A: horns 2, retaliatory headbutt
a: Renounce Religion, Berserk, Trog's Hand


You were on level 2 of the Dungeon.
You worshipped Trog.
Trog was pleased with you.
You visited 1 branch of the dungeon, and saw 2 of its levels.

You collected 74 gold pieces.

Inventory:

Hand Weapons
 a - a +0 hand axe (weapon)
Armour
 b - a +0 animal skin
 c - a +0 plate armour (worn)
Scrolls
 g - 3 scrolls of enchant weapon {unknown}
Potions
 d - a potion of heal wounds
 e - a potion of mutation {unknown}
 f - a potion of curing


   Skills:
 + Level 4.3 Fighting
 + Level 5.0 Axes
 + Level 3.0 Armour
 + Level 2.3 Dodging


You had 3 spell levels left.
You didn't know any spells.
Your spell library was empty.

Dungeon Overview and Level Annotations

Branches:
Dungeon (2/15)

Altars:


Innate Abilities, Weirdness & Mutations

You have a pair of horns on your head.
You reflexively headbutt those who attack you in melee.


Message History

The gnoll hits you but does no damage.
You slash the gnoll!
The gnoll is severely wounded.
The gnoll barely misses you.
The gnoll hits you from afar with a +0 spear.
The gnoll hits you but does no damage.
You barely miss the gnoll.
The gnoll is severely wounded.
The gnoll hits you with a +0 whip. The gnoll barely misses you. x2
The gnoll hits you but does no damage. x3
You hit the gnoll.
You kill the gnoll!
Trog accepts your kill.
The gnoll hits you but does no damage. x2
Your Axes skill increases to level 5!
You have reached level 4!
You feel stronger.
You barely miss the endoplasm.
The endoplasm hits you but does no damage.
The gnoll hits you from afar with a +0 spear.
The gnoll hits you but does no damage.
You hit the endoplasm.
You kill the endoplasm!
Trog accepts your kill.
The gnoll hits you from afar with a +0 spear!
The gnoll hits you but does no damage. The gnoll hits you with a +0 spear.
* * * LOW HITPOINT WARNING * * *
The gnoll hits you with a +0 spear.
* * * LOW HITPOINT WARNING * * *
There is an open door here.
Items here: )) †††.
The gnoll attacks as you move away! The gnoll barely misses you.
The gnoll hits you but does no damage. The gnoll closely misses you.
The gnoll closely misses you. The gnoll barely misses you.
You hit the gnoll but do no damage.
The gnoll hits you from afar with a +0 spear.
* * * LOW HITPOINT WARNING * * *
The gnoll hits you with a +0 spear!
You die...

.##### #. .....# #.#
.###.#.#.# .# #.#.#.#
#+## .# #.# ... #...#
.###.# #.#### #.....
.....# #.##.######......
.#######.......g#.......
........<.......@g......
.######......##.#.......
.# #.###.###.##......
.### #.# #.# #.# #.....
...# #.# ... ..# #...#
...# #.##..##### #+##
...# #.##..# ...# #.#
...# #..


You could see 2 gnolls.

Vanquished Creatures
  2 gnolls (D:2)
  A dart slug (D:2)
  6 bats
  5 endoplasms
  5 goblins (D:1)
  8 hobgoblins
  2 jackals (D:2)
  2 quokkas (D:1)
  3 ball pythons
  2 frilled lizards (D:1)
  6 kobolds
  5 rats
47 creatures vanquished.

Notes
Turn   | Place    | Note
-------+----------+-------------------------------------------
     0 | D:1      | jamesblauser the Minotaur Berserker began the quest for the
                  | Orb.
     0 | D:1      | Reached XP level 1. HP: 19/19 MP: 0/0
   273 | D:1      | Reached skill level 4 in Axes
   273 | D:1      | Reached XP level 2. HP: 19/27 MP: 1/1
   662 | D:1      | Reached XP level 3. HP: 31/33 MP: 2/2
   663 | D:1      | Reached ** piety under Trog
  1127 | D:2      | Found a faded altar of an unknown god.
  1230 | D:2      | Reached skill level 5 in Axes
  1230 | D:2      | Reached XP level 4. HP: 25/41 MP: 3/3
  1237 | D:2      | Slain by a gnoll

Illustrated notes

Levels and vault maps discovered:
D:1:      dpeg_arrival_rooms_with_view, layout_basic
D:2:      layout_loops_corners, chequers_ecumenical_altar_island

Skill      XL: |  1  2  3 |
---------------+----------+-----
Axes           | 4 5 |  5.0
Fighting       | 4 |  4.3
Armour         | 3 |  3.0
Dodging        | |  2.3

Action                   |  1- 3 |  4- 6 || total
-------------------------+-------+-------++-------
Melee: Hand axe          |    92 |     3 ||    95
       Headbutt          |     7 |       ||     7
  Use: Potion            |     4 |       ||     4
       Scroll            |     2 |       ||     2
Armor: Plate armour      |    86 |     4 ||    90
Dodge: Dodged            |    44 |     4 ||    48
